 Dungeon Crawl Stone Soup version 0.13.1-28-g3517093 (console) character file.

1549856 tsn the Skullcrusher (level 27, 195/196 HPs)
             Began as a Gargoyle Berserker on Mar 13, 2014.
             Was a High Priest of Trog.
             Escaped with the Orb
             ... and 3 runes on Mar 14, 2014!
             The game lasted 06:59:31 (89544 turns).

tsn the Skullcrusher (Gargoyle Berserker)          Turns: 89544, Time: 06:59:31

HP 195/196       AC 58     Str 32      XL: 27
MP  19/19        EV  6     Int 11      God: Trog [*****.]
Gold 7687        SH 50     Dex  5      Spells:  0 memorised, 26 levels left

Res.Fire  : + + .   See Invis. : .   Y - +6,+9 demon whip (flame)
Res.Cold  : + . .   Warding    : .   m - +6 gold dragon armour
Life Prot.: + . .   Conserve   : .   W - +0 large shield
Res.Poison: +       Res.Corr.  : .   (no helmet)
Res.Elec. : +       Clarity    : .   c - -1 cloak {MR+}
Sust.Abil.: . .     Spirit.Shd : .   H - -1 pair of gloves {Str+3}
Res.Mut.  : .       Stasis     : .   V - +2 pair of dwarf boots {Stlth+}
Res.Rott. : +       Flight     : +   n - amulet of faith
Saprovore : . . .                    L - +0,+5 ring of slaying
                                     d - ring of protection from fire

@: flying, drained, very resistant to hostile enchantments, extremely unstealthy
A: large and strong wings, fangs 1, talons 2, blurry vision 1, deterioration 1,
-10% mp, life protection 1, electricity resistance, slow metabolism 1,
unbreathing, petrification resistance, AC +20, Str -2, Dex -4
a: Stop Flying, Burn Spellbooks, Berserk, Trog's Hand, Brothers in Arms,
Renounce Religion
}: 3/15 runes: decaying, serpentine, silver


You escaped.
You worshipped Trog.
Trog was extremely pleased with you.
You were not hungry.

You visited 13 branches of the dungeon, and saw 71 of its levels.
You visited the Abyss 2 times.

You collected 9530 gold pieces.
You spent 1863 gold pieces at shops.

Inventory:

Hand weapons
 Y - a +6,+9 demon whip of flaming (weapon)
Armour
 c - a -1 cloak of magic resistance (worn)
 m - a +6 gold dragon armour (worn)
 o - a +2 cloak of preservation
 H - a -1 pair of gloves of strength (worn)
 V - a +2 pair of dwarven boots of stealth (worn)
 W - a +0 large shield (worn)
Magical devices
 a - a wand of teleportation (0)
 f - a wand of cold (4)
 j - a wand of slowing (9)
 l - a wand of lightning (4)
 p - a wand of disintegration (5)
 q - a wand of digging (10)
 t - a wand of cold (6)
 w - a wand of draining (6)
 y - a wand of invisibility (4)
 z - a wand of cold (3)
 B - a wand of lightning (4)
 C - a wand of heal wounds (5)
 Q - a wand of fireball (4)
 T - a wand of fire (7)
 X - a wand of fireball (6)
 Z - a wand of frost (15)
Comestibles
 A - 5 meat rations
 D - 12 bread rations
Scrolls
 r - 3 scrolls of holy word
 v - a scroll of enchant weapon I
 x - a scroll of enchant weapon III
 I - 2 scrolls of recharging
Jewellery
 d - a ring of protection from fire (left hand)
 g - a cursed ring of protection from cold
 h - an uncursed ring of positive energy
 k - a cursed ring of regeneration
 n - an amulet of faith (around neck)
 s - the ring of the Hidden Dances {Wiz rC+ Dam+3 Stlth}
   (You found it on level 4 of the Realm of Zot)

   [ring of wizardry]

   It affects your damage-dealing abilities (+3).
   It protects you from cold.
   It makes you more stealthy.
 E - an uncursed amulet of clarity {unknown}
 F - an uncursed amulet of the gourmand {unknown}
 J - an uncursed ring of protection from cold
 L - a +0,+5 ring of slaying (right hand)
Potions
 e - 10 potions of curing
 i - a potion of berserk rage
 u - 3 potions of speed
 K - a potion of restore abilities
 M - a potion of invisibility
Orbs of Power
 G - the Orb of Zot
Miscellaneous
 b - the horn of Geryon


   Skills:
 + Level 24.9(23.9) Fighting
 O Level 27(26.0) Maces & Flails
 + Level 25.2(24.2) Armour
 - Level 11.7(11.0) Dodging
 + Level 23.3(22.4) Shields


You had 26 spell levels left.
You didn't know any spells.

Dungeon Overview and Level Annotations

Branches:
Dungeon (27/27)            Temple (1/1) D:6             Orc (4/4) D:7
    Elf (3/3) Orc:4          Lair (8/8) D:8           Swamp (5/5) Lair:4
  Snake (5/5) Lair:6        Slime (0/6) Lair:8       Vaults (5/5) D:15
  Blade (1/1) Vaults:3      Crypt (5/5) Vaults:3       Tomb (1/3) Crypt:2
    Zot (5/5) D:27
    Dis: Hell:1         Geh: Hell:1         Coc: Hell:1         Tar: Hell:1

Altars:
Ashenzari
Kikubaaqudgha
Nemelex Xobeh
Sif Muna
Yredelemnul
the Shining One

Shops:
D:5 [   D:10 =   D:20 *   Orc:4 (*=[   Snake:1 /   Snake:5 *   Vaults:3 [
Vaults:4 +

Portals:
Hell: D:21 D:22 D:23 D:24 D:25 D:26 D:27
Abyss: D:23 D:24 D:25 D:27
Pandemonium: D:23 D:24 D:27

Annotations:
D:7 exclusion: statue
D:8 exclusions: ice statue and orange crystal statue
D:14 exclusion: oklob plant
D:15 exclusion: Roxanne, Roxanne
D:20 exclusion: orange crystal statue
D:21 exclusion: orange crystal statue
Swamp:5 Sojobo Blade Mara


Innate Abilities, Weirdness & Mutations

You are resistant to torment.
You are immune to poison.
You can fly continuously.
Your stone body is very resilient (AC +20).
Your wings are large and strong.
You have very sharp teeth.
You have razor-sharp toenails.
You resist negative energy.
You are resistant to electric shocks.
You have a slow metabolism.
You can survive without breathing.
You are immune to petrification.
Your vision is a little blurry.
You are very clumsy. (Dex -4)
Your body is slowly deteriorating.
Your magical capacity is low (-10% MP).
You are weak. (Str -2)


Message History

A cacodemon comes into view.
The cacodemon shouts!
The sixfirhy barely misses you. You block the sixfirhy's attack.
You block the sixfirhy's attack.
You thrash the sixfirhy!! You burn the sixfirhy!
You kill the sixfirhy!
Trog accepts your kill.
The cacodemon hits you but does no damage.
You block the cacodemon's attack.
You hear a grinding noise.
The cacodemon gestures at you.
Strange energies course through your body.
You feel less energetic. The cacodemon gestures at you.
The bolt of energy hits you!
You hear a grinding noise.
There is a staircase leading out of the dungeon here.
The cacodemon gestures at you. The bolt of energy hits you!
You hear a grinding noise.
You have escaped!

#.......##.........# #.....###.
##....#.###############.#.......
##.....#.#.#.#.#.#.#.#.....###.
##..##...............###..# #.
##.#......#..........##..# #.
#.##.......#.......###..###.
#.#.....#....#......##......
#.##.........2.#...####.####
#.#....#.#.#.#...#..###.#
#.##...............##...#
#.#.).#..#.@.#.(#...#####
#.##...............##
#.#..#...#.#.#.#....#
####...#...........##
#......#....#.....#
##.......#.......##
#..........#......#
#####...............####
#....#.#.#.#.#.#.#.#...#
###.##.###############.#.#
#........####.###.# #...#


You could see a cacodemon.

Vanquished Creatures
  3 ancient liches
  4 orbs of fire (Zot:5)
  Saint Roka (D:20)
  Boris (D:22)
  The ghost of Iskender the Deadly Accurate, a great OgHu of Okawaru (D:24)
  The ghost of elenap21 the Axe Maniac, a great MiBe of Trog (Elf:3)
  Norris (Swamp:4)
  The ghost of RepoMan the Devastator, a great OpWz of Vehumet (Vaults:5)
  The ghost of elenap21 the Acrobat, a great HaBe of Trog (Vaults:5)
  A pandemonium lord (D:13)
  2 Killer Klowns (Zot:5)
  Geryon (Hell)
  8 golden dragons
  3 curse toes
  A profane servitor (Crypt:5)
  3 electric golems
  Xtahua (Swamp:5)
  Frederick (Blade)
  Nikola (Swamp:1)
  11 bone dragons
  A Brimstone Fiend (Elf:3)
  15 tentacled monstrosities
  The ghost of BoredOne the Crack Shot, a mighty CeHu of Okawaru (D:22)
  30 Orb Guardians
  A deep elf blademaster (Elf:3)
  A titan (Vaults:5)
  4 liches
  3 ancient champions (Crypt:5)
  18 storm dragons
  3 sphinxes
  Rupert (Swamp:3)
  Agnes (Snake:1)
  Frances (Snake:2)
  Kirke (Swamp:1)
  3 draconian monks
  2 revenants
  11 tengu reavers
  7 shadow dragons
  2 draconian knights
  4 ghost moths
  12 fire giants
  The ghost of Russie the Executioner, a powerful MiBe of Trog (Vaults:2)
  11 deep elf sorcerers
  5 ghouls
  Donald (Elf:2)
  Wiglaf (D:17)
  2 tentacled starspawn (Abyss:1)
  Maud (D:15)
  An iron dragon (Vaults:5)
  4 frost giants
  An orc warlord (Orc:4)
  Aizul (Snake:1)
  2 balrugs
  3 draconian scorchers
  A curse skull (Crypt:5)
  4 draconian zealots
  3 reapers
  Louise (Snake:1)
  Gastronok (Lair:1)
  8 vault wardens
  Jorgrun (Vaults:3)
  2 draconian shifters
  14 greater nagas
  45 stone giants
  3 draconian annihilators
  A draconian caller (D:27)
  7 deep elf demonologists
  7 green draconians
  3 eidola
  8 deep elf annihilators (Elf:3)
  A green death (Vaults:5)
  A lorocyproca (D:27)
  2 vampire knights
  A blizzard demon (D:13)
  8 grey draconians
  5 yellow draconians
  Azrael (Snake:2)
  11 pale draconians
  8 purple draconians
  6 mottled draconians
  6 black draconians
  6 white draconians
  5 red draconians
  An unborn (Crypt:5)
  6 ettins
  Snorg (D:17)
  16 dragons
  5 deep elf death magi
  27 jiangshi
  24 vault guards (Vaults:5)
  The ghost of matti1234 the Phalangite, a mighty MfGl of Okawaru (Elf:3)
  9 ironheart preservers
  4 deep elf high priests (Elf:3)
  45 yaktaur captains
  16 death cobs
  Fannar (D:12)
  2 great orbs of eyes
  Harold (D:12)
  Josephine (D:10)
  A quicksilver dragon skeleton (Vaults:4)
  The ghost of elenap21 the Nimble, a powerful DrFi of the Shining One (D:11)
  The ghost of Zapata the Slicer, a powerful KoBe of Trog (D:11)
  10 ice dragons
  2 ravenous feature mimics
  Nessos (Snake:1)
  14 hydras
  A ravenous item mimic (Zot:4)
  18 dancing weapons
  7 deep dwarf death knights
  15 deep troll earth magi
  Erica (Lair:2)
  The ghost of Paper the Cleaver, an experienced DDBe of Trog (Lair:5)
  A spectral stone giant (Crypt:5)
  7 ogre magi
  10 deep troll shamans
  10 alligators
  5 death yaks (Lair:8)
  5 anacondas
  3 vampire magi
  5 plague shamblers
  2 wretched stars (Abyss:1)
  9 hell hogs
  3 spectral elves
  3 orc high priests (Orc:4)
  10 naga warriors
  13 very ugly things
  A spectral dire elephant (Crypt:5)
  The ghost of teukkam the Grappler, an experienced TrMo (Lair:5)
  2 catoblepae
  5 soul eaters
  A titan skeleton (Crypt:3)
  6 ice devils
  6 iron trolls
  8 shadow wraiths
  11 centaur warriors
  A spectral anaconda (Crypt:5)
  39 skeletal warriors
  9 hell beasts
  17 deep elf knights
  A giant orange brain (D:21)
  A death drake (shapeshifter) (Vaults:5)
  2 unseen horrors
  Erolcha (Orc:1)
  6 hell knights (D:24)
  A shadow demon (Zot:1)
  2 giant orange brains (shapeshifter)
  3 storm dragon skeletons
  8 flayed ghosts
  A deep troll (shapeshifter) (Vaults:3)
  2 anaconda zombies
  5 large abominations (Abyss:1)
  7 giant amoebae
  3 spectral hydras (Swamp:5)
  7 ironbrand convokers
  4 death drakes (D:27)
  3 ice statues
  35 deep trolls
  13 hill giants
  2 swamp dragons (Swamp:4)
  2 shadow dragon zombies
  A giant amoeba (shapeshifter) (D:22)
  3 deathcaps (Zot:2)
  3 wolf spider zombies
  2 anaconda skeletons (Crypt:5)
  2 sphinx zombies
  28 orc knights
  7 deep elf conjurers
  6 flaming corpses
  8 necromancers
  2 frost giant zombies
  13 griffons
  3 fire giant zombies
  3 red wasps
  9 harpies
  An oklob plant (Swamp:5)
  4 orc sorcerers
  A shining eye (shapeshifter) (Vaults:5)
  9 sixfirhies
  8 cyclopes
  13 stone giant zombies
  14 phantasmal warriors
  A shadow dragon skeleton (D:19)
  3 spectral ettins (Crypt:5)
  8 wolf spiders
  A sphinx skeleton (D:23)
  16 moths of wrath
  19 black mambas
  9 vault sentinels
  2 fire giant skeletons
  2 spiny worms
  Maurice (D:12)
  24 spiny frogs
  4 frost giant skeletons
  17 guardian serpents
  10 deep elf summoners
  21 stone giant skeletons
  6 smoke demons
  A purple draconian zombie (Abyss:1)
  2 grey draconian zombies (Zot:2)
  4 orange demons
  Psyche (Orc:2)
  A queen ant (D:11)
  3 yaktaur zombies
  A black draconian zombie (Crypt:4)
  4 demonic crawlers (Elf:3)
  A mottled draconian zombie (Crypt:4)
  103 yaktaurs
  An anaconda simulacrum (Crypt:4)
  A fire drake (shapeshifter) (D:18)
  A red draconian zombie (Zot:4)
  A centaur zombie (D:23)
  2 mermaids (shapeshifter)
  11 hellwings
  A polymoth zombie (Crypt:2)
  2 redback zombies
  An alligator snapping turtle skeleton (Crypt:1)
  4 blue devils
  A guardian mummy (Crypt:2)
  A spectral harpy (Crypt:5)
  A jumping spider (Vaults:3)
  3 swamp worm zombies (Swamp:5)
  17 two-headed ogres
  A yellow draconian skeleton (Crypt:2)
  An ancient zyme (Abyss:1)
  3 hydra zombies
  6 deep elf priests
  2 fire drakes (Lair:8)
  An iron troll skeleton (D:23)
  A wolf spider simulacrum (D:18)
  2 spectral glowing shapeshifters (Crypt:5)
  4 iron devils
  15 naga magi
  A komodo dragon (shapeshifter) (Vaults:4)
  19 komodo dragons
  4 wandering mushrooms
  4 red devils
  Sonja (Orc:4)
  A green draconian skeleton (Abyss:1)
  2 slime creatures (shapeshifter)
  7 giant leeches
  6 polar bears (Lair:8)
  Prince Ribbit (Orc:1)
  2 ravens (shapeshifter)
  A moth of wrath zombie (Zot:5)
  A wind drake (D:27)
  A hydra skeleton (D:17)
  A jumping spider (shapeshifter) (D:19)
  58 slime creatures
  12 boulder beetles
  A harpy skeleton (Crypt:1)
  3 baby alligators (Swamp:4)
  A spectral red wasp (Crypt:5)
  12 bog bodies
  22 blink frogs
  A baby alligator (shapeshifter) (D:20)
  2 red wasp zombies
  5 basilisks
  2 giant amoeba zombies (Crypt:2)
  An ice dragon zombie (Crypt:3)
  A dragon zombie (D:17)
  11 grizzly bears
  A spectral swamp dragon (Swamp:5)
  5 ettin zombies
  2 wyverns
  14 redbacks
  A spectral spiny worm (Crypt:1)
  6 ynoxinuls
  A spectral fire crab (Crypt:5)
  56 flying skulls
  2 tarantellas (Elf:3)
  2 tarantellas (shapeshifter)
  A fire giant simulacrum (D:21)
  A redback (shapeshifter) (D:26)
  9 ettin skeletons
  7 sharks
  A merfolk (D:7)
  A yak (shapeshifter) (Vaults:4)
  15 deep elf magi
  An ice dragon skeleton (Zot:5)
  10 trolls
  9 shadows
  83 ugly things
  A griffon skeleton (D:18)
  2 hill giant zombies
  6 chaos spawn
  8 wolves
  10 wraiths
  A stone giant simulacrum (D:23)
  4 spiny worm zombies
  5 hogs (Swamp:1)
  A redback simulacrum (D:18)
  19 water elementals
  A black mamba skeleton (Crypt:4)
  An elephant slug (Lair:8)
  A hog (shapeshifter) (Vaults:3)
  2 merfolk (shapeshifter) (Vaults:5)
  A steam dragon (Lair:8)
  10 vampires
  7 rock worms
  38 vampire mosquitoes
  57 yaks
  7 hippogriffs
  A manticore (shapeshifter) (D:21)
  An ugly thing skeleton (Crypt:1)
  2 clay golems
  A fire elemental (Snake:2)
  11 hungry ghosts
  21 deep elf fighters
  2 draconian skeletons
  50 swamp worms
  2 hill giant skeletons
  A harpy simulacrum (Crypt:1)
  3 ogre zombies (D:23)
  2 iron troll simulacra
  4 manticores
  A neqoxec (Abyss:1)
  3 hell hounds (Snake:2)
  23 freezing wraiths
  A mottled dragon (D:16)
  6 necrophages
  8 deep troll zombies
  3 small abominations (Crypt:5)
  An orange crystal statue (D:23)
  7 porcupines
  A deep troll skeleton (Vaults:5)
  55 nagas
  68 orc warriors
  15 swamp drakes
  14 ice beasts
  5 black bears (Lair:8)
  8 starcursed masses (Abyss:1)
  The ghost of Russie the Chopper, an average MiBe of Trog (D:3)
  A yellow wasp (D:13)
  A tengu (shapeshifter) (Vaults:5)
  6 swamp dragon zombies (Swamp:5)
  9 lava worms
  3 rotting devils
  A boring beetle (shapeshifter) (Vaults:3)
  A giant firefly simulacrum (Crypt:5)
  4 orc zombies
  12 crocodiles
  24 phantoms
  10 soldier ants
  13 centaurs
  A spiny worm simulacrum (D:18)
  13 giant goldfish
  10 wargs
  A lost soul (Crypt:2)
  11 giant slugs
  A manticore zombie (D:8)
  A giant slug (shapeshifter) (Vaults:5)
  7 big kobolds
  Blork the orc (D:8)
  A fire drake skeleton (Crypt:2)
  2 silver statues
  45 water moccasins
  A komodo dragon zombie (Crypt:2)
  A draconian (shapeshifter) (D:21)
  2 deep troll simulacra
  33 insubstantial wisps
  10 agate snails
  14 giant frogs
  A giant slug zombie (Crypt:4)
  3 sky beasts
  2 gnoll sergeants
  A cyclops zombie (D:13)
  A wyvern zombie (Crypt:4)
  A manticore skeleton (D:10)
  3 yak zombies
  3 cyclops skeletons
  A troll zombie (D:11)
  3 boulder beetle zombies
  A troll skeleton (D:10)
  A wolf zombie (Crypt:3)
  20 jellyfish
  A pulsating lump (shapeshifter) (D:24)
  A yak skeleton (Crypt:2)
  3 quasits
  15 crimson imps
  A fire bat (Abyss:1)
  A giant frog zombie (D:5)
  10 wights
  A boring beetle zombie (D:23)
  8 electric eels
  8 lava snakes
  3 goliath beetles
  13 big fish
  13 hounds
  43 ogres
  20 orc priests
  Dowan (D:4)
  Sigmund (D:5)
  14 iguanas
  A spectral swamp drake (Swamp:5)
  2 iron imps
  A black bear skeleton (Crypt:1)
  8 centaur skeletons
  23 orange rats
  Duvessa (D:4)
  A water moccasin skeleton (D:11)
  6 jellies
  6 scorpions
  A killer bee zombie (Crypt:1)
  2 sheep (D:19)
  A demonspawn zombie (Crypt:1)
  A big kobold zombie (D:10)
  A sky beast zombie (D:5)
  29 worker ants
  A brain worm zombie (Crypt:1)
  32 orc wizards
  A demonspawn skeleton (Crypt:3)
  18 killer bees
  A black bear simulacrum (D:10)
  3 boggarts (D:17)
  Terence (D:2)
  17 mummies
  5 gnoll shamans
  51 green rats
  3 swamp drake zombies (Swamp:5)
  43 adders
  2 big fish zombies (Swamp:5)
  3 giant centipedes
  58 gnolls
  2 shadow imps
  A steam dragon skeleton (D:10)
  2 white imps
  7 worms
  4 giant mites
  29 ufetubi
  A giant centipede zombie (D:13)
  An adder zombie (D:8)
  2 iguana skeletons
  An iguana zombie (Crypt:3)
  A halfling skeleton (Crypt:1)
  A spectral giant mite (Crypt:3)
  3 giant eyeballs
  7 giant geckos
  189 orcs
  A ball python (Snake:3)
  20 bats
  2 bat zombies
  7 giant cockroaches
  24 goblins
  18 hobgoblins
  31 jackals
  14 quokkas
  9 training dummies (Elf:3)
  A giant cockroach zombie (Crypt:3)
  10 giant newts
  2 giant newt skeletons
  A goblin skeleton (Crypt:3)
  A goblin zombie (D:5)
  45 kobolds
  2 orc skeletons
  19 rats
  A ballistomycete (D:15)
  2 butterflies (D:22)
  2 crawling corpses (Elf:2)
  A starspawn tentacle (Abyss:1)
3537 creatures vanquished.

Vanquished Creatures (collateral kills)
  An ancient lich (D:13)
  Jory (D:20)
  A titan (D:15)
  2 deep elf master archers (Elf:3)
  A fire giant (Vaults:4)
  A frost giant (D:26)
  A deep elf sorcerer (Elf:3)
  An ironheart preserver (Vaults:4)
  2 yaktaur captains
  A deep troll earth mage (Vaults:4)
  A spectral stone giant (Crypt:5)
  A deep troll shaman (Vaults:4)
  A hell hog (Hell)
  3 centaur warriors
  A soul eater (Hell)
  4 hell beasts (Hell)
  2 sun demons
  A flayed ghost (Crypt:5)
  A deep troll (Vaults:4)
  A spiny worm (Vaults:5)
  3 yaktaurs
  A wandering mushroom (Zot:2)
  A blue devil (Hell)
  A wraith (D:15)
  2 yaks (D:13)
  A hill giant zombie (Hell)
  A wind drake skeleton (Crypt:5)
  2 vampire mosquitoes (D:15)
  A swamp worm (Swamp:5)
  5 orc warriors (D:21)
  An ogre (D:20)
  3 centaurs (Vaults:4)
  A yaktaur zombie (Hell)
  A warg (D:21)
  A wight (Crypt:5)
  A crimson imp (Hell)
  An orc priest (D:26)
  A mummy (Crypt:5)
  A white imp (Hell)
  3 orcs (D:21)
60 creatures vanquished.

Vanquished Creatures (others)
  A draconian scorcher (Zot:3)
  A stone giant (Vaults:3)
  2 deep trolls (Zot:5)
  An unseen horror (D:20)
  6 hill giants
  6 trolls
  A two-headed ogre (Lair:5)
  A water elemental (D:14)
  A rock worm (D:26)
  5 ogres
  A water moccasin (Snake:5)
  A giant frog (D:6)
  11 lost souls
  2 electric eels (D:14)
  A green rat (Lair:8)
  A giant centipede (D:15)
  A giant spore (D:15)
  A goblin (D:7)
  4 fungi
  37 plants
  7 starspawn tentacles (Abyss:1)
  2 starspawn tentacle segments (Abyss:1)
94 creatures vanquished.

Grand Total: 3691 creatures vanquished

Notes
Turn   | Place    | Note
--------------------------------------------------------------
     0 | D:1      | tsn, the Gargoyle Berserker, began the quest for the Orb.
     0 | D:1      | Reached XP level 1. HP: 14/14 MP: 0/0
   175 | D:1      | Found a shattered altar of Ashenzari.
   291 | D:1      | Reached XP level 2. HP: 19/19 MP: 1/1
   889 | D:2      | Acquired Trog's second power
  1027 | D:2      | Reached XP level 3. HP: 21/24 MP: 2/2
  1445 | D:2      | Reached skill level 4 in Maces & Flails
  1492 | D:2      | Reached XP level 4. HP: 26/28 MP: 3/3
  1534 | D:2      | Noticed Terence
  1544 | D:2      | Killed Terence
  1960 | D:3      | Noticed Russie's ghost (average MiBe)
  1970 | D:3      | Killed Russie's ghost
  1970 | D:3      | Reached XP level 5. HP: 33/33 MP: 4/4
  2159 | D:3      | Reached skill level 5 in Maces & Flails
  2225 | D:3      | Acquired Trog's third power
  2225 | D:3      | Reached XP level 6. HP: 39/39 MP: 5/5
  2452 | D:3      | Noticed an ogre
  2478 | D:3      | Killed an ogre
  2513 | D:3      | Reached XP level 7. HP: 36/44 MP: 6/6
  2564 | D:3      | Reached skill level 5 in Fighting
  2779 | D:3      | Noticed a troll
  2810 | D:3      | Killed a troll
  2810 | D:3      | Reached skill level 6 in Maces & Flails
  3144 | D:4      | Reached skill level 5 in Armour
  3144 | D:4      | Reached XP level 8. HP: 49/49 MP: 7/7
  3479 | D:4      | Noticed Duvessa
  3480 | D:4      | Noticed Dowan
  3499 | D:4      | Killed Duvessa
  3508 | D:4      | Killed Dowan
  3665 | D:4      | Reached skill level 1 in Shields
  3928 | D:5      | Entered Level 5 of the Dungeon
  3941 | D:5      | Noticed Sigmund
  3948 | D:5      | Killed Sigmund
  3953 | D:5      | Received a gift from Trog
  4091 | D:5      | Reached skill level 7 in Maces & Flails
  4204 | D:5      | Got a bloodstained quarterstaff {flame}
  4205 | D:5      | Identified the cursed quarterstaff of Stramin {flame, +Blink MR++} (You took it off an orc on level 5 of the Dungeon)
  4357 | D:5      | Paralysed by a giant eyeball for 3 turns
  4375 | D:5      | Found Osaol's Antique Armour Boutique.
  4473 | D:5      | Reached XP level 9. HP: 51/55 MP: 8/8
  4636 | D:5      | Reached skill level 8 in Maces & Flails
  4761 | D:5      | Received a gift from Trog
  4762 | D:5      | Got a twisted dire flail {god gift}
  4769 | D:5      | Identified the dire flail of Skeecuic {god gift, freeze, rF++ rN+} (Trog gifted it to you on level 5 of the Dungeon)
  5013 | D:6      | Found a staircase to the Ecumenical Temple.
  5023 | Temple   | Entered the Ecumenical Temple
  5685 | D:7      | Reached skill level 9 in Maces & Flails
  5701 | D:7      | Noticed a wizard statue
  5799 | D:7      | Reached skill level 5 in Dodging
  5893 | D:7      | Found a staircase to the Orcish Mines.
  6237 | D:8      | Reached XP level 10. HP: 44/61 MP: 9/9
  6414 | D:8      | Received a gift from Trog
  6496 | D:8      | Reached skill level 10 in Maces & Flails
  6920 | D:8      | Noticed Blork the orc
  6931 | D:8      | Killed Blork the orc
  7009 | D:8      | Noticed an ice statue
  7198 | D:8      | Found a staircase to the Lair.
  7380 | Lair:1   | Entered Level 1 of the Lair of Beasts
  7395 | Lair:1   | Gained mutation: You are somewhat resistant to further mutation. [potion of beneficial mutation]
  7471 | Lair:1   | Received a gift from Trog
  7542 | Lair:1   | Got a transparent ring mail
  7556 | Lair:1   | Identified the cursed -3 ring mail of Henotheism {Str-1 Int-4} (You found it on level 1 of the Lair of Beasts)
  7770 | Lair:1   | Reached skill level 11 in Maces & Flails
  7945 | Lair:1   | Noticed Gastronok
  7945 | Lair:1   | Noticed a black mamba
  7964 | Lair:1   | Killed a black mamba
  7964 | Lair:1   | Reached XP level 11. HP: 49/68 MP: 10/10
  8025 | Lair:1   | Killed Gastronok
  8251 | Lair:2   | Paralysed by a potion of paralysis for 6 turns
  8280 | Lair:2   | Received a gift from Trog
  8286 | Lair:2   | Noticed Erica
  8291 | Lair:2   | Reached skill level 12 in Maces & Flails
  8625 | Lair:2   | Killed Erica
  9150 | Lair:3   | Received a gift from Trog
  9488 | Lair:4   | Reached skill level 10 in Fighting
  9556 | Lair:4   | Reached XP level 12. HP: 58/75 MP: 11/11
  9561 | Lair:4   | Reached skill level 10 in Armour
  9570 | Lair:4   | Received a gift from Trog
  9643 | Lair:4   | Reached skill level 13 in Maces & Flails
  9746 | Lair:4   | Noticed a dragon
  9772 | Lair:4   | Killed a dragon
 10043 | Lair:4   | Found a staircase to the Swamp.
 10405 | Lair:5   | Noticed Paper's ghost (experienced DDBe)
 10420 | Lair:5   | Killed Paper's ghost
 10969 | Lair:5   | Noticed teukkam's ghost (experienced TrMo)
 10979 | Lair:5   | Killed teukkam's ghost
 11036 | Lair:6   | Received a gift from Trog
 11078 | Lair:6   | Found a staircase to the Snake Pit.
 11486 | Lair:6   | Reached skill level 14 in Maces & Flails
 12009 | Lair:7   | Received a gift from Trog
 12024 | Lair:7   | Noticed a five-headed hydra
 12031 | Lair:7   | Killed a five-headed hydra
 12031 | Lair:7   | Reached XP level 13. HP: 76/80 MP: 5/12
 12096 | Lair:7   | Identified 2 scrolls of acquirement
 12891 | Lair:7   | You fall through a shaft!
 12891 | Lair:8   | Entered Level 8 of the Lair of Beasts
 13208 | Lair:8   | Got a crude flail
 13214 | Lair:8   | Identified the flail of True Grit {crush, rPois} (You found it on level 8 of the Lair of Beasts)
 13276 | Lair:8   | Received a gift from Trog
 13342 | Lair:8   | Reached skill level 15 in Maces & Flails
 13347 | Lair:8   | Found a staircase to the Slime Pits.
 13628 | Lair:8   | Received a gift from Trog
 14433 | Lair:8   | Gained mutation: Your wings are large and strong. [gargoyle growth]
 14433 | Lair:8   | Reached XP level 14. HP: 83/88 MP: 13/13
 14579 | Lair:8   | Received a gift from Trog
 15209 | Lair:1   | Reached skill level 16 in Maces & Flails
 15756 | D:9      | Received a gift from Trog
 15820 | D:9      | Got an ancient granite ring
 15824 | D:9      | Identified the ring "Zoibee Shen" {Hunger Dex-2 Int-5} (You found it on level 9 of the Dungeon)
 16139 | D:10     | Entered Level 10 of the Dungeon
 16273 | D:10     | Found Striang's Jewellery Shop.
 16385 | D:10     | Noticed Josephine
 16392 | D:10     | Killed Josephine
 16485 | D:10     | Received a gift from Trog
 17068 | D:11     | Noticed Zapata's ghost (powerful KoBe)
 17159 | D:11     | Noticed elenap21's ghost (powerful DrFi)
 17172 | D:11     | Killed elenap21's ghost
 17263 | D:11     | Killed Zapata's ghost
 17615 | D:11     | Received a gift from Trog
 17820 | D:12     | Noticed Maurice
 17855 | D:12     | Killed Maurice
 17922 | D:12     | Noticed Harold
 17934 | D:12     | Killed Harold
 18141 | D:12     | Noticed Fannar
 18166 | D:12     | Killed Fannar
 18212 | D:12     | Received a gift from Trog
 19104 | D:13     | Got a slimy leather armour
 19116 | D:13     | Identified the cursed +0 leather armour "Bros" {Dam+3} (You found it on level 13 of the Dungeon)
 19485 | Orc:1    | Entered Level 1 of the Orcish Mines
 19593 | Orc:1    | Noticed Erolcha
 19610 | Orc:1    | Killed Erolcha
 19610 | Orc:1    | Reached skill level 17 in Maces & Flails
 19665 | Orc:1    | Received a gift from Trog
 19987 | Orc:2    | Noticed Psyche
 19998 | Orc:2    | Killed Psyche
 20019 | Orc:2    | Received a gift from Trog
 20263 | Orc:1    | Noticed Prince Ribbit
 20269 | Orc:1    | Killed Prince Ribbit
 20471 | Orc:3    | Received a gift from Trog
 20974 | Orc:4    | Entered Level 4 of the Orcish Mines
 20974 | Orc:4    | Found a staircase to the Elven Halls.
 20978 | Orc:3    | Reached XP level 15. HP: 95/95 MP: 14/14
 21102 | Orc:4    | Found Irphao's Jewellery Boutique.
 21325 | Orc:3    | Received a gift from Trog
 21501 | Orc:4    | Noticed an orc warlord
 21518 | Orc:4    | Killed an orc warlord
 21518 | Orc:4    | Reached skill level 10 in Dodging
 21844 | Orc:4    | Found Gaug's Antique Armour Shop.
 21846 | Orc:4    | Noticed Sonja
 21866 | Orc:4    | Received a gift from Trog
 21891 | Orc:4    | Got a twisted hand axe {god gift}
 21918 | Orc:4    | Killed Sonja
 21987 | Orc:4    | Bought a pair of embroidered gloves for 34 gold pieces
 22062 | Orc:4    | Found a deep blue altar of Sif Muna.
 22091 | Orc:4    | Found Twoyrram's Antique Weapon Emporium.
 22223 | Orc:4    | Found Jucluj's General Store.
 22232 | Orc:4    | Bought a potion of curing for 24 gold pieces
 22232 | Orc:4    | Bought a potion of curing for 24 gold pieces
 22232 | Orc:4    | Bought a scroll of teleportation for 36 gold pieces
 22232 | Orc:4    | Bought a scroll of teleportation for 36 gold pieces
 22232 | Orc:4    | Bought a scroll of enchant armour for 66 gold pieces
 22665 | D:14     | Entered Level 14 of the Dungeon
 22745 | D:14     | Got a polished great mace
 22746 | D:14     | Identified the great mace of Order {crush, rF+} (You found it on level 14 of the Dungeon)
 22919 | D:14     | Received a gift from Trog
 23174 | D:14     | Paralysed by a giant eyeball for 4 turns
 23208 | D:14     | Found a sparkling altar of Nemelex Xobeh.
 23837 | D:15     | Entered Level 15 of the Dungeon
 23871 | D:15     | Noticed Roxanne
 23984 | D:15     | Received a gift from Trog
 24012 | D:15     | Found a staircase to the Vaults.
 24035 | D:15     | Noticed Maud
 24042 | D:15     | Killed Maud
 24209 | D:15     | Reached skill level 18 in Maces & Flails
 24553 | D:15     | Noticed a titan
 24564 | D:15     | Killed a titan
 24601 | D:15     | Got a pair of transparent gloves
 24608 | D:15     | Identified the +1 pair of gloves of the Clouds {+Rage rElec} (You found it on level 15 of the Dungeon)
 25627 | Snake:1  | Entered Level 1 of the Snake Pit
 25627 | Snake:1  | Found Qinistri's Magical Wand Emporium.
 25691 | Snake:1  | Noticed Louise
 25703 | Snake:1  | Killed Louise
 25703 | Snake:1  | Received a gift from Trog
 25805 | Snake:1  | Noticed Nessos
 25830 | Snake:1  | Killed Nessos
 25833 | Snake:1  | Noticed Aizul
 25847 | Snake:1  | Killed Aizul
 26204 | Snake:1  | Noticed Agnes
 26212 | Snake:1  | Killed Agnes
 26283 | Snake:1  | Reached XP level 16. HP: 102/102 MP: 15/15
 26337 | Snake:2  | Noticed Azrael
 26458 | Swamp:1  | Entered Level 1 of the Swamp
 26634 | Swamp:1  | Noticed Nikola
 26647 | Swamp:1  | Killed Nikola
 26730 | Swamp:1  | Received a gift from Trog
 27082 | Swamp:1  | Noticed Kirke
 27161 | Swamp:1  | Killed Kirke
 27829 | Swamp:2  | Reached skill level 19 in Maces & Flails
 28234 | Swamp:3  | Received a gift from Trog
 28830 | Swamp:3  | Noticed Rupert
 28833 | Swamp:3  | Paralysed by Rupert for 6 turns
 28847 | Swamp:3  | Killed Rupert
 28996 | Swamp:4  | Noticed Norris
 29023 | Swamp:4  | Paralysed by Norris for 5 turns
 29038 | Swamp:4  | Killed Norris
 29111 | Swamp:4  | Received a gift from Trog
 30023 | Snake:2  | Killed Azrael
 30023 | Snake:2  | Reached XP level 17. HP: 108/108 MP: 16/16
 30042 | Snake:2  | Noticed Frances
 30049 | Snake:2  | Killed Frances
 30131 | Snake:2  | Received a gift from Trog
 30886 | Snake:2  | Reached skill level 15 in Armour
 31467 | Snake:3  | Received a gift from Trog
 31898 | Snake:4  | Reached skill level 20 in Maces & Flails
 32190 | Snake:4  | Received a gift from Trog
 32436 | Snake:5  | Entered Level 5 of the Snake Pit
 32848 | Snake:5  | Received a gift from Trog
 32958 | Snake:5  | Reached skill level 15 in Fighting
 33087 | Snake:5  | Found Muogoadu's General Store.
 33326 | Snake:5  | Received a gift from Trog
 33852 | Snake:5  | Got a serpentine rune of Zot
 33899 | Snake:5  | Received a gift from Trog
 34490 | Lair:1   | Lost mutation: You are somewhat resistant to further mutation. [potion of cure mutation]
 34664 | Swamp:4  | Reached XP level 18. HP: 116/116 MP: 17/17
 34670 | Swamp:5  | Entered Level 5 of the Swamp
 34809 | Swamp:5  | Noticed Sojobo
 34932 | Swamp:5  | Noticed Xtahua
 35800 | D:16     | Received a gift from Trog
 36211 | D:17     | Reached skill level 5 in Shields
 36365 | D:17     | Noticed Snorg
 36367 | D:17     | Noticed Wiglaf
 36389 | D:17     | Killed Snorg
 36401 | D:17     | Killed Wiglaf
 36407 | D:17     | Received a gift from Trog
 36684 | D:17     | Reached skill level 21 in Maces & Flails
 38125 | D:18     | Received a gift from Trog
 38196 | D:18     | Got a slimy leather armour
 38218 | D:18     | Identified the cursed -3 leather armour "Jaliuth" {SInv} (You found it on level 18 of the Dungeon)
 38436 | D:19     | Paralysed by a great orb of eyes for 7 turns
 39293 | D:20     | Entered Level 20 of the Dungeon
 39330 | D:20     | Noticed Jory
 39348 | D:20     | Killed Jory
 39387 | D:20     | Received a gift from Trog
 39435 | D:20     | Found Onuecs' Assorted Antiques.
 39445 | D:20     | Bought a slimy lead ring for 775 gold pieces
 39445 | D:20     | Bought a distressingly furry plate armour for 868 gold pieces
 39451 | D:20     | Identified the ring "Twim" {Hunger- Dex+1 Int+2} (You bought it in a shop on level 20 of the Dungeon)
 39484 | D:20     | Identified the +6 plate armour of Untold Secrets {rPois} (You bought it in a shop on level 20 of the Dungeon)
 39679 | D:20     | Noticed Saint Roka
 39709 | D:20     | Killed Saint Roka
 39709 | D:20     | Reached XP level 19. HP: 124/124 MP: 18/18
 40126 | D:20     | Received a gift from Trog
 40606 | D:21     | Lost intelligence.
 40912 | D:21     | Received a gift from Trog
 41126 | D:21     | Found a gateway to Hell.
 41178 | D:21     | Reached skill level 10 in Shields
 41599 | D:22     | Noticed Boris
 41615 | D:22     | Noticed BoredOne's ghost (mighty CeHu)
 41636 | D:22     | Killed BoredOne's ghost
 42483 | Swamp:5  | Received a gift from Trog
 42491 | Swamp:5  | Killed Xtahua
 42749 | Swamp:5  | Noticed a bone dragon
 42799 | Swamp:5  | Killed a bone dragon
 42832 | Swamp:5  | Got a decaying rune of Zot
 43375 | Vaults:1 | Entered Level 1 of the Vaults
 43631 | Vaults:1 | Received a gift from Trog
 43632 | Vaults:1 | Got a crude morningstar {god gift}
 43633 | Vaults:1 | Identified the morningstar of Blind Justice {god gift, crush, MR++ Int+4} (Trog gifted it to you on level 1 of the Vaults)
 44181 | Vaults:1 | Reached XP level 20. HP: 132/132 MP: 18/18
 44660 | Vaults:2 | Noticed Russie's ghost (powerful MiBe)
 44684 | Vaults:2 | Killed Russie's ghost
 44966 | Vaults:2 | Received a gift from Trog
 45945 | Vaults:2 | Received a gift from Trog
 46139 | Vaults:3 | Found a staircase to the Hall of Blades.
 46145 | Vaults:3 | Found a glowing golden altar of the Shining One.
 46155 | Vaults:3 | Reached skill level 22 in Maces & Flails
 46200 | Vaults:3 | Got an ancient dagger
 46362 | Vaults:3 | Noticed Jorgrun
 46375 | Vaults:3 | Killed Jorgrun
 46706 | Vaults:3 | Identified the +8,+2 dagger of Variability {freeze, Int+4} (You found it on level 3 of the Vaults)
 47030 | Vaults:3 | Received a gift from Trog
 47207 | Vaults:3 | Found a staircase to the Crypt.
 47207 | Vaults:3 | Found an ancient bone altar of Kikubaaqudgha.
 47208 | Vaults:3 | Found a basalt altar of Yredelemnul.
 47333 | Vaults:3 | Found Duugg's Antique Armour Boutique.
 47786 | Vaults:4 | Received a gift from Trog
 47787 | Vaults:4 | Got a crude sabre {god gift}
 48227 | Vaults:4 | Received a gift from Trog
 48270 | Vaults:4 | Found Lalimm's Book Shop.
 48728 | Vaults:4 | Reached XP level 21. HP: 128/139 MP: 19/19
 49230 | Vaults:5 | Entered Level 5 of the Vaults
 49372 | Vaults:5 | Received a gift from Trog
 49564 | Vaults:5 | Reached skill level 15 in Shields
 49681 | Vaults:5 | Received a gift from Trog
 49689 | Vaults:5 | Got a silver rune of Zot
 50812 | D:23     | Found a one-way gate to the infinite horrors of the Abyss.
 50812 | D:23     | Found a one-way gate leading to the halls of Pandemonium.
 51674 | D:23     | Received a gift from Trog
 51789 | D:23     | Paralysed by a sphinx for 3 turns
 52104 | D:24     | Reached XP level 22. HP: 102/147 MP: 20/20
 52348 | D:24     | Reached skill level 23 in Maces & Flails
 52360 | D:24     | Noticed Iskender's ghost (great OgHu)
 52402 | D:24     | Killed Iskender's ghost
 52630 | D:24     | Received a gift from Trog
 53626 | D:25     | Entered Level 25 of the Dungeon
 53686 | D:25     | Received a gift from Trog
 54370 | D:25     | Received a gift from Trog
 55077 | D:26     | Received a gift from Trog
 55264 | D:26     | Reached XP level 23. HP: 154/154 MP: 20/20
 55394 | D:26     | Reached skill level 24 in Maces & Flails
 55589 | D:26     | Received a gift from Trog
 56312 | D:26     | Gained mutation: You are dopey. (Int -2) [mutagenic glow]
 56371 | D:26     | Lost mutation: You are dopey. (Int -2) [potion of cure mutation]
 56401 | D:27     | Entered Level 27 of the Dungeon
 56515 | D:27     | Received a gift from Trog
 57164 | D:27     | Received a gift from Trog
 57873 | Zot:1    | Entered Level 1 of the Realm of Zot
 58013 | Zot:1    | Reached XP level 24. HP: 125/163 MP: 21/21
 58163 | Zot:1    | Received a gift from Trog
 58255 | Zot:1    | Reached skill level 25 in Maces & Flails
 60506 | Vaults:5 | Noticed elenap21's ghost (great HaBe)
 60588 | Vaults:5 | Killed elenap21's ghost
 61219 | Vaults:5 | Received a gift from Trog
 61783 | Vaults:5 | Gained mutation: You are frail (-10% HP). [a shining eye]
 61789 | Vaults:5 | Gained mutation: Your body is slowly deteriorating. [a shining eye]
 61829 | Vaults:5 | Received a gift from Trog
 61911 | Vaults:5 | Got an ichor-stained ring mail
 61931 | Vaults:5 | Identified the +5 ring mail of the Burgomaster {rN+} (You found it on level 5 of the Vaults)
 61977 | Vaults:5 | Noticed an ancient lich
 61989 | Vaults:5 | Killed an ancient lich
 62356 | Vaults:5 | Noticed RepoMan's ghost (great OpWz)
 62375 | Vaults:5 | Killed RepoMan's ghost
 62375 | Vaults:5 | Reached XP level 25. HP: 153/153 MP: 21/21
 63040 | Blade    | Entered the Hall of Blades
 63272 | Blade    | Noticed Frederick
 63299 | Blade    | Killed Frederick
 63361 | Blade    | Noticed Mara
 63911 | Crypt:1  | Entered Level 1 of the Crypt
 63941 | Crypt:1  | Got a transparent pewter amulet
 63942 | Crypt:1  | Identified the amulet "Twood" {Ward rF- rC+ Dex+2 Int+2 Acc+4} (You acquired it on level 1 of the Crypt)
 63979 | Crypt:1  | Reached skill level 26 in Maces & Flails
 64420 | Crypt:1  | Received a gift from Trog
 66874 | Crypt:2  | Found a staircase to the Tomb.
 67156 | Crypt:3  | Gained mutation: You have a pair of small horns on your head. [potion of beneficial mutation]
 68139 | Crypt:5  | Entered Level 5 of the Crypt
 68535 | Crypt:5  | Found an ancient bone altar of Kikubaaqudgha.
 69410 | Crypt:5  | Reached XP level 26. HP: 161/161 MP: 22/22
 69863 | Crypt:5  | Got a bloodstained scale mail
 69888 | Crypt:5  | Identified the +2 scale mail of Deciahaw {Dex-1 Dam+4} (You found it on level 5 of the Crypt)
 70884 | Crypt:3  | Reached skill level 27 in Maces & Flails
 70979 | Tomb:1   | Entered Level 1 of the Tomb of the Ancients
 71635 | Elf:1    | Entered Level 1 of the Elven Halls
 72463 | Elf:2    | Received a gift from Trog
 72472 | Elf:2    | Noticed Donald
 72487 | Elf:2    | Killed Donald
 72886 | Elf:3    | Entered Level 3 of the Elven Halls
 72963 | Elf:3    | Noticed matti1234's ghost (mighty MfGl)
 72983 | Elf:3    | Killed matti1234's ghost
 73179 | Elf:3    | Noticed elenap21's ghost (great MiBe)
 73192 | Elf:3    | Killed elenap21's ghost
 73258 | Elf:3    | Received a gift from Trog
 73926 | Elf:3    | Cast into the Abyss (deep elf sorcerer)
 73926 | Abyss:1  | Found a corrupted altar of Lugonu.
 73997 | Abyss:1  | Found a corrupted altar of Lugonu.
 74058 | Abyss:1  | Received a gift from Trog
 74126 | Elf:3    | Escaped the Abyss
 74706 | Elf:3    | Received a gift from Trog
 74725 | Elf:3    | Cast into the Abyss (deep elf sorcerer)
 74987 | Elf:3    | Escaped the Abyss
 75565 | Elf:3    | Got a heavily runed jade ring
 75568 | Elf:3    | Identified the ring of Okawaru's Indignation {Hunger Str-5 Dex+4} (You found it on level 3 of the Elven Halls)
 76351 | Hell     | Entered the Vestibule of Hell
 76351 | Hell     | Noticed Geryon
 76441 | Hell     | Killed Geryon
 78005 | Zot:2    | Received a gift from Trog
 78284 | Zot:2    | Reached XP level 27. HP: 169/169 MP: 22/22
 80142 | Lair:1   | Identified a +2 cloak of preservation (You took it off a white draconian on level 3 of the Realm of Zot)
 80146 | Lair:1   | Got a crude tin amulet
 80147 | Lair:1   | Identified the amulet "Faletox" {Ward rElec rN+ SInv} (You acquired it on level 1 of the Lair of Beasts)
 81956 | Zot:4    | Received a gift from Trog
 82831 | Zot:4    | Got a flickering lapis lazuli ring
 83171 | Zot:4    | Received a gift from Trog
 83385 | Zot:5    | Entered Level 5 of the Realm of Zot
 83956 | Zot:5    | Noticed an ancient lich
 83999 | Zot:5    | Killed an ancient lich
 84067 | Zot:5    | Noticed an orb of fire
 84117 | Zot:5    | Gained mutation: You are clumsy. (Dex -2) [an orb of fire]
 84128 | Zot:5    | Killed an orb of fire
 84476 | Zot:5    | Noticed an ancient lich
 84718 | Zot:5    | Killed an ancient lich
 84998 | Zot:5    | Noticed an orb of fire
 85015 | Zot:5    | Gained mutation: You are very clumsy. (Dex -4) [an orb of fire]
 85038 | Zot:5    | Killed an orb of fire
 85160 | Zot:5    | Noticed an orb of fire
 85161 | Zot:5    | Gained mutation: Your vision is a little blurry. [an orb of fire]
 85182 | Zot:5    | Killed an orb of fire
 85828 | Zot:5    | Noticed an orb of fire
 85835 | Zot:5    | Gained mutation: You heal slowly. [an orb of fire]
 85843 | Zot:5    | Killed an orb of fire
 87542 | Lair:1   | Identified the ring of the Hidden Dances {Wiz rC+ Dam+3 Stlth} (You found it on level 4 of the Realm of Zot)
 87546 | Lair:1   | Lost mutation: You are frail (-10% HP). [potion of cure mutation]
 87546 | Lair:1   | Lost mutation: You are very clumsy. (Dex -4) [potion of cure mutation]
 87546 | Lair:1   | Lost mutation: You heal slowly. [potion of cure mutation]
 87546 | Lair:1   | Lost mutation: You have a pair of small horns on your head. [potion of cure mutation]
 88466 | Zot:5    | Got the Orb of Zot
 88871 | D:26     | Noticed Peuq the pandemonium lord
 88871 | D:26     | Noticed an ancient lich
 88956 | D:22     | Killed Boris
 89151 | D:14     | Noticed Plog the pandemonium lord
 89171 | D:13     | Noticed Cry Cyag the pandemonium lord
 89171 | D:13     | Noticed an ancient lich
 89181 | D:13     | Received a gift from Trog
 89182 | D:13     | Killed an ancient lich
 89206 | D:13     | Killed Cry Cyag the pandemonium lord
 89234 | D:13     | Noticed Pleseron the pandemonium lord
 89292 | D:12     | Gained mutation: You are very clumsy. (Dex -4) [a neqoxec]
 89311 | D:12     | Gained mutation: You are weak. (Str -2) [a neqoxec]
 89537 | D:1      | Gained mutation: Your magical capacity is low (-10% MP). [a cacodemon]
 89544 | D:$      | Escaped with the Orb!

Action                   |  1- 3 |  4- 6 |  7- 9 | 10-12 | 13-15 | 16-18 | 19-21 | 22-24 | 25-27 || total
-------------------------+-------+-------+-------+-------+-------+-------+-------+-------+-------++-------
Melee: Mace              |    89 |    73 |       |       |       |       |       |       |       ||   162
       Whip              |       |   115 |   340 |       |       |       |       |       |       ||   455
       Quarterstaff      |       |       |     6 |       |       |       |       |       |       ||     6
       Dire flail        |       |       |    92 |   496 |  1674 |  1128 |       |       |       ||  3390
       Demon whip        |       |       |       |       |       |  1048 |  3004 |  2431 |  3800 || 10283
Invok: Berserk           |       |     3 |     3 |     5 |     8 |    10 |     8 |     3 |     9 ||    49
       Trog's Hand       |       |     2 |     1 |     2 |     6 |    13 |    20 |    21 |    24 ||    89
       Burn Spellbooks   |       |       |     1 |     2 |     3 |     7 |     9 |     3 |     3 ||    28
       Brothers in Arms  |       |       |       |     2 |     1 |     2 |     9 |     5 |    15 ||    34
 Abil: Fly               |       |       |       |       |     1 |       |       |       |       ||     1
Evoke: Wand              |       |       |     3 |     3 |     8 |     9 |     2 |    13 |    26 ||    64
  Use: Scroll            |       |     1 |     2 |    11 |    16 |    11 |    15 |     6 |    39 ||   101
       Potion            |       |     1 |     4 |    13 |     1 |     4 |    13 |     4 |    23 ||    63
 Stab: Invisible         |       |       |     6 |       |       |       |       |       |       ||     6
       Fleeing           |       |       |       |     1 |       |       |       |       |     5 ||     6
       Paralysed         |       |       |       |       |     1 |       |       |       |       ||     1
       Confused          |       |       |       |       |       |     2 |       |       |       ||     2
       Distracted        |       |       |       |       |       |       |     1 |     3 |       ||     4
